Match 38248092
Unlisted

Match 38248092
End
Construct Barracks
Riflemen Squad
1⁄4-ton 4x4 Truck
Riflemen Squad
Grenade Package
Riflemen Squad
Mechanized Support Center
Designate Forward Repair Station
Engineer Squad
Construct Tank Depot
Construct Tank Depot
Selects Armored Battlegroup
Selects Veteran Crews
Selects Strength in Steel
Selects M8 Scott SPG
Selects UNKNOWN (2160077)
M4A3E8 Sherman Easy Eight
Selects M31 Recovery Vehicle
Scout Squad
M1918 Browning Automatic Rifles
Selects War Machine
M4A3E8 Sherman Easy Eight
M4A3E8 Sherman Easy Eight
M4A3E8 Sherman Easy Eight
Designate Forward Repair Station
Rapid Repairs
Salvage Crew
M18 Hellcat Tank Destroyer
M18 Hellcat Tank Destroyer
Riflemen Squad
M18 Hellcat Tank Destroyer
Improvised Armor
M18 Hellcat Tank Destroyer
M18 Hellcat Tank Destroyer
Construct Motor Pool
M1 Anti-tank Gun Team
M1 Anti-tank Gun Team
M1 Anti-tank Gun Team
M18 Hellcat Tank Destroyer
Riflemen Squad
M4A3E8 Sherman Easy Eight
M1 Anti-tank Gun Team
M18 Hellcat Tank Destroyer
Bruistablet
Professor gibberish
pislikadam
DeMoRi10
Lainsvoid
Necromancer
Grasshopper
KWC
0
0

Comments sign in to comment!

No comments posted yet!